 Dungeon Sprint DCSS version 0.17-a0-1635-gd4e48f1 (webtiles) character file.

18361 Kidiri the Peltast (level 12, -4/64 HPs)
             Began as a Gargoyle Fighter on Aug 4, 2015.
             Was the Champion of Jiyva.
             Slain by a stone giant (26 damage)
             ... in the Dungeon (Sprint IX: "|||||||||||||||||||||||||||||").
             The game lasted 00:17:50 (2909 turns).

Kidiri the Peltast (Gargoyle Fighter)               Turns: 2909, Time: 00:17:50

Health: -4/64      AC: 24    Str: 29    XL:     12   Next: 57%
Magic:  12/12      EV: 20    Int:  9    God:    Jiyva [******]
Gold:   928        SH: 17    Dex: 12    Spells: 0 memorised, 11 levels left

rFire  . . .     SeeInvis .     a - +0 flail
rCold  . . .     Clarity  +     H - +1 scale mail of Geomom {Str+4}
rNeg   + . .     SustAt   .     c - +1 shield
rPois  ∞         Gourm    .     (helmet restricted)
rElec  +         Spirit   .     o - +1 cloak
rCorr  +         Warding  .     y - +0 pair of gloves
rMut   .         NoTele   +     (no boots)
MR     .....                    (no amulet)
Stlth  ..........               (no ring)
                                r - +3 ring of dexterity

@: not resistant to hostile enchantments, extremely unstealthy
A: horns 1, repulsion field 1, clarity, negative energy resistance 1,
regeneration 1, electricity resistance, unbreathing, acidic bite, gelatinous
body 3, pseudopods 1, translucent skin 1, tendrils, jelly sensing items, jelly
absorbing missiles, petrification resistance, rot immunity, AC +8
a: Request Jelly, Jelly Paralyse, Slimify, Cure Bad Mutation, Renounce Religion


You were in the Dungeon.
You worshipped Jiyva.
Jiyva was exalted by your worship.
You were completely stuffed.

You visited 1 branch You collected 1904 gold pieces.
You spent 976 gold pieces at shops.

Inventory:

Hand weapons
 a - a +0 flail (weapon)
 G - the +11 hunting sling of Crystal {flame, rPois Int+3 SInv}
   (You bought it in a shop in the Dungeon)

   It causes projectiles fired from it to burn those they strike, causing extra
   injury to most foes and up to half again as much damage against particularly
   susceptible opponents.
   It affects your intelligence (+3).
   It protects you from poison.
   It lets you see invisible.
Missiles
 I - 11 stones (quivered)
Armour
 c - a +1 shield (worn)
 o - a +1 cloak (worn)
 p - a +3 chain mail of magic resistance
 q - a +0 plate armour
 y - a +0 pair of gloves (worn)
 H - the +1 scale mail of Geomom (worn) {Str+4}
   (You found it in the Dungeon)

   It affects your strength (+4).
Jewellery
 r - a +3 ring of dexterity (left hand)
 s - a +2 ring of evasion
 w - an uncursed ring of ice
 x - a +2 ring of protection
Magical devices
 n - a wand of cold (7)
Scrolls
 k - 3 scrolls of blinking
 l - a scroll of remove curse
 m - 2 scrolls of amnesia
 z - 2 scrolls of recharging
 A - a scroll of fog
 B - a scroll of identify
Potions
 d - 4 potions of might
 f - a potion of invisibility
 g - a potion of heal wounds
 h - a potion of haste
 i - 4 potions of magic
 j - 6 potions of curing
 t - a potion of agility
 u - a potion of berserk rage
 v - a potion of cure mutation
 D - a potion of brilliance
Comestibles
 e - 14 bread rations
 E - 40 fruits
 F - 12 meat rations


   Skills:
 - Level 3.2 Fighting
 + Level 13.0 Maces & Flails
 + Level 4.2 Slings
 * Level 18.9 Armour
 + Level 11.0 Dodging
 * Level 18.9 Shields


You had 11 spell levels left.
You didn't know any spells.

Dungeon Overview and Level Annotations

Branches:
Dungeon (1/1)

Altars:
Cheibriados
Dithmenos
Elyvilon
Fedhas
Gozag
Kikubaaqudgha
Makhleb
Nemelex Xobeh
Okawaru
Qazlal
Ru
Sif Muna
Trog
Vehumet
Xom
Yredelemnul
Zin
The Shining One
Beogh
Jiyva
Lugonu

Shops:
D =?((


Innate Abilities, Weirdness & Mutations

You are resistant to torment.
Your stone body is resilient (AC +8).
You are immune to poison.
You resist negative energy.
You are resistant to electric shocks.
You can survive without breathing.
You are immune to petrification.
You are immune to rotting.
You have a pair of small horns on your head.
You are surrounded by a mild repulsion field (EV +2).
You possess an exceptional clarity of mind.
Your natural rate of healing is unusually fast.
You have acidic saliva.
Your gelatinous body deflects attacks (AC +2, EV +2).
Armour fits poorly on your pseudopods.
Your skin is partially translucent (Stealth, -foe acc).
You are covered in slimy tendrils that may disarm your opponents.
You have a small jelly attached to you that senses nearby items.
You have a small jelly attached to you that may absorb incoming projectiles.


Message History

You hit the stone giant but do no damage.
Your bite misses the stone giant.
The stone giant is moderately wounded.
You block the stone giant's attack.
You sock the stone giant! You headbutt the stone giant.
You bludgeon the stone giant, but do no damage.
The stone giant is heavily wounded.
You block the stone giant's attack.
You hit the stone giant.
You bludgeon the stone giant, but do no damage.
The stone giant is heavily wounded.
You hit the stone giant.
You bludgeon the stone giant, but do no damage.
The stone giant is heavily wounded.
The stone giant hits you!
You hit the stone giant but do no damage.
You headbutt the stone giant. You bludgeon the stone giant.
The stone giant is heavily wounded.
The stone giant hits you!!
You die...

J.......'............'..÷......'.
▓▓▓▓▓▓▓▓▓▓▓▓▓▓▓▓▓▓▓▓▓▓▓▓▓▓▓▓▓▓▓▓▓
...).)...........................
▓▓▓▓▓▓▓▓▓▓▓▓▓▓▓▓▓▓▓▓▓▓▓▓▓▓▓▓▓▓▓▓▓
....'.=...∩.∩.∩.∩....))))(...))))
▓▓▓▓▓▓▓▓▓▓▓▓▓▓▓▓▓▓▓▓▓▓▓▓▓▓▓▓▓▓▓▓▓
.............).......)...........
▓▓▓▓▓▓▓▓▓▓▓▓▓▓▓▓▓▓▓▓▓▓▓▓▓▓▓▓▓▓▓▓▓
, ......(C@(..'.(..........
▓▓▓▓▓▓▓▓▓▓▓▓▓▓▓▓▓▓▓▓▓▓▓▓▓ , ,, ,
* ** * * * , , ** * * * , , * * *


You could see a stone giant.

Vanquished Creatures
  A stone giant (D)
  2 rakshasas (D)
  Erolcha (D)
  A centaur warrior (D)
  Erica (D)
  Urug (D)
  2 orc sorcerers (D)
  An ugly thing (D)
  6 orc knights (D)
  A hill giant (D)
  6 elephants (D)
  2 black mambas (D)
  Psyche (D)
  2 yaktaurs (D)
  A polar bear (D)
  A jumping spider (shapeshifter) (D)
  A shadow (D)
  A wyvern (D)
  A basilisk (D)
  A hippogriff (D)
  3 porcupines (D)
  A water moccasin (D)
  An ice beast (D)
  A phantom (D)
  2 sky beasts (D)
  A crocodile (D)
  7 orc warriors (D)
  2 orc priests (D)
  An iguana (D)
  7 orc wizards (D)
  3 river rats (D)
  A shadow imp (D)
  3 orcs (D)
  A bat zombie (D)
  A goblin (D)
  2 bats (D)
  A giant gecko zombie (D)
  A giant newt (D)
  A rat (D)
74 creatures vanquished.

Vanquished Creatures (collateral kills)
  A dire elephant (D)
  A death yak (D)
  4 orc knights (D)
  2 elephants (D)
  A gargoyle (D)
  A komodo dragon (D)
  An efreet (D)
  A wyvern (D)
  A water moccasin (D)
  8 orc warriors (D)
  An adder (D)
  3 orcs (D)
25 creatures vanquished.

Vanquished Creatures (others)
  Sonja (D)
  A gargoyle (D)
  A kobold demonologist (D)
  A phantom (D)
  An eye of draining (D)
  10 jellies (D)
15 creatures vanquished.

Grand Total: 114 creatures vanquished

Notes
Turn   | Place    | Note
--------------------------------------------------------------
     0 | D        | Kidiri the Gargoyle Fighter began the quest for the Orb.
     0 | D        | Reached XP level 1. HP: 14/14 MP: 1/1
   128 | D        | Noticed a phantom
   128 | D        | Noticed a sky beast
   134 | D        | Reached skill level 4 in Armour
   134 | D        | Reached skill level 1 in Dodging
   165 | D        | Killed a sky beast
   165 | D        | Reached skill level 6 in Armour
   165 | D        | Reached XP level 2. HP: 4/19 MP: 2/2
   165 | D        | Reached XP level 3. HP: 4/23 MP: 3/3
   165 | D        | Reached XP level 4. HP: 4/28 MP: 4/4
   251 | D        | Killed a phantom
   251 | D        | Reached skill level 7 in Armour
   251 | D        | Reached XP level 5. HP: 6/32 MP: 5/5
   263 | D        | Found a glowing silver altar of Zin.
   263 | D        | Found a glowing golden altar of the Shining One.
   263 | D        | Found an ancient bone altar of Kikubaaqudgha.
   263 | D        | Found a basalt altar of Yredelemnul.
   263 | D        | Found a shimmering altar of Xom.
   263 | D        | Found a radiant altar of Vehumet.
   264 | D        | Found an iron altar of Okawaru.
   265 | D        | Found a burning altar of Makhleb.
   266 | D        | Found a deep blue altar of Sif Muna.
   267 | D        | Found a bloodstained altar of Trog.
   268 | D        | Found a sparkling altar of Nemelex Xobeh.
   269 | D        | Found a white marble altar of Elyvilon.
   270 | D        | Found a roughly hewn altar of Beogh.
   271 | D        | Found a viscous altar of Jiyva.
   272 | D        | Found a corrupted altar of Lugonu.
   273 | D        | Found a blossoming altar of Fedhas.
   274 | D        | Found a snail-covered altar of Cheibriados.
   275 | D        | Found a shadowy altar of Dithmenos.
   276 | D        | Found a stormy altar of Qazlal.
   277 | D        | Found an opulent altar of Gozag.
   278 | D        | Found a sacrificial altar of Ru.
   295 | D        | Became a worshipper of Jiyva Jyuhial the Shapeless
   410 | D        | Acquired Jiyva's first power
   413 | D        | Acquired Jiyva's second power
   415 | D        | Gained mutation: You have a small jelly attached to you that senses nearby items. [Jiyva's grace]
   416 | D        | Acquired Jiyva's third power
   421 | D        | Acquired Jiyva's fourth power
   421 | D        | Gained mutation: Your body sometimes deteriorates upon taking damage. [Jiyva's grace]
   427 | D        | Gained mutation: Armour fits poorly on your pseudopods. [Jiyva's grace]
   430 | D        | Gained mutation: You have a pair of small antennae on your head. [Jiyva's grace]
   430 | D        | Lost mutation: You have a pair of small antennae on your head. [Jiyva's grace]
   432 | D        | Gained mutation: You can spit weak poison. [Jiyva's grace]
   434 | D        | Lost mutation: Your body sometimes deteriorates upon taking damage. [Jiyva's grace]
   434 | D        | Lost mutation: Armour fits poorly on your pseudopods. [Jiyva's grace]
   435 | D        | Gained mutation: Your rubbery body absorbs attacks (AC +1). [Jiyva's grace]
   438 | D        | Gained mutation: You have acidic saliva. [Jiyva's grace]
   438 | D        | Lost mutation: You can spit weak poison. [Jiyva's grace]
   444 | D        | Gained mutation: Potions and wands are less effective at restoring your health. [Jiyva's grace]
   447 | D        | Gained mutation: You are agile. (Dex +2) [Jiyva's grace]
   452 | D        | Gained mutation: Your spells are a little easier to cast, but a little less powerful. [Jiyva's grace]
   463 | D        | Lost mutation: You have acidic saliva. [Jiyva's grace]
   473 | D        | Gained mutation: You can breathe flames. [Jiyva's grace]
   473 | D        | Gained mutation: Your magical capacity is low (-10% MP). [Jiyva's grace]
   473 | D        | Gained mutation: You are frail (-10% HP). [Jiyva's grace]
   473 | D        | Lost mutation: You can breathe flames. [Jiyva's grace]
   473 | D        | Gained mutation: You have a pair of small horns on your head. [Jiyva's grace]
   475 | D        | Gained mutation: You can breathe flames. [Jiyva's grace]
   475 | D        | Lost mutation: Your spells are a little easier to cast, but a little less powerful. [Jiyva's grace]
   476 | D        | Gained mutation: You are very agile. (Dex +4) [Jiyva's grace]
   480 | D        | Noticed an orc wizard
   480 | D        | Noticed an eye of draining
   480 | D        | Noticed a wyvern
   480 | D        | Noticed an orc wizard
   480 | D        | Noticed an orc wizard
   488 | D        | Killed an orc wizard
   488 | D        | Reached skill level 5 in Maces & Flails
   488 | D        | Reached skill level 8 in Armour
   500 | D        | Killed an orc wizard
   500 | D        | Reached XP level 6. HP: 33/33 MP: 5/5
   502 | D        | Killed a wyvern
   502 | D        | Reached skill level 9 in Armour
   504 | D        | Killed an eye of draining
   508 | D        | Killed an orc wizard
   546 | D        | Lost mutation: You can breathe flames. [Jiyva's grace]
   550 | D        | Noticed a hill giant
   550 | D        | Noticed an ice beast
   550 | D        | Noticed a phantom
   550 | D        | Noticed a centaur warrior
   550 | D        | Noticed an orc wizard
   550 | D        | Noticed a gargoyle
   565 | D        | Killed a gargoyle
   565 | D        | Reached skill level 10 in Armour
   565 | D        | Reached skill level 5 in Dodging
   565 | D        | Reached skill level 10 in Shields
   565 | D        | Reached XP level 7. HP: 20/36 MP: 6/6
   577 | D        | Slimified a centaur warrior
   577 | D        | Noticed a slime creature
   577 | D        | a centaur warrior changed into a slime creature
   578 | D        | Lost mutation: You are frail (-10% HP). [Jiyva's grace]
   586 | D        | Killed a hill giant
   586 | D        | Reached skill level 11 in Armour
   586 | D        | Reached XP level 8. HP: 26/46 MP: 7/7
   596 | D        | Killed an orc wizard
   602 | D        | Killed an ice beast
   628 | D        | Killed a phantom
   821 | D        | Noticed a black mamba
   821 | D        | Noticed a porcupine
   821 | D        | Noticed a water moccasin
   821 | D        | Noticed a porcupine
   821 | D        | Noticed a hippogriff
   821 | D        | Noticed a crocodile
   827 | D        | Noticed a basilisk
   830 | D        | Killed a crocodile
   839 | D        | Killed a hippogriff
   839 | D        | Reached skill level 12 in Armour
   846 | D        | Killed a porcupine
   857 | D        | Killed a water moccasin
   859 | D        | Killed a porcupine
   859 | D        | Reached XP level 9. HP: 43/51 MP: 8/8
   867 | D        | Killed a black mamba
   872 | D        | Killed a basilisk
   872 | D        | Reached skill level 13 in Armour
   942 | D        | Noticed a water moccasin
   942 | D        | Noticed a polar bear
   942 | D        | Noticed a black mamba
   942 | D        | Noticed an iguana
   942 | D        | Noticed a porcupine
   946 | D        | Noticed an elephant
   950 | D        | Killed a porcupine
   957 | D        | Noticed a death yak
   961 | D        | Killed an iguana
   963 | D        | Noticed a komodo dragon
   972 | D        | Killed a black mamba
   989 | D        | Killed a polar bear
  1001 | D        | Killed a water moccasin
  1004 | D        | Killed an elephant
  1004 | D        | Reached skill level 14 in Armour
  1006 | D        | Killed a death yak
  1006 | D        | Reached XP level 10. HP: 23/56 MP: 9/9
  1007 | D        | Killed a komodo dragon
  1196 | D        | Noticed an elephant
  1196 | D        | Noticed a dire elephant
  1196 | D        | Noticed an elephant
  1196 | D        | Noticed an elephant
  1196 | D        | Noticed an elephant
  1196 | D        | Noticed an elephant
  1201 | D        | Noticed an elephant
  1205 | D        | Killed an elephant
  1229 | D        | Killed a dire elephant
  1229 | D        | Reached skill level 10 in Maces & Flails
  1230 | D        | Killed an elephant
  1230 | D        | Reached skill level 15 in Armour
  1230 | D        | Reached skill level 15 in Shields
  1237 | D        | Noticed an elephant
  1240 | D        | Killed an elephant
  1251 | D        | Killed an elephant
  1269 | D        | Killed an elephant
  1282 | D        | Killed an elephant
  1301 | D        | Killed an elephant
  1375 | D        | Lost mutation: Your rubbery body absorbs attacks (AC +1). [Jiyva's grace]
  1375 | D        | Gained mutation: Your large and strong wings let you fly indefinitely. [Jiyva's grace]
  1378 | D        | Gained mutation: You are surrounded by a mild repulsion field (EV +2). [Jiyva's grace]
  1382 | D        | Gained mutation: You have a pair of horns on your head. [Jiyva's grace]
  1383 | D        | Gained mutation: You have a small jelly attached to you that may absorb incoming projectiles. [Jiyva's grace]
  1387 | D        | Gained mutation: You are partially covered in large bone plates (AC +2, SH +2). [Jiyva's grace]
  1390 | D        | Lost mutation: You are partially covered in large bone plates (AC +2, SH +2). [Jiyva's grace]
  1395 | D        | Gained mutation: Your body is partially covered in golden eyeballs (Acc +3). [Jiyva's grace]
  1396 | D        | Lost mutation: You are very agile. (Dex +4) [Jiyva's grace]
  1398 | D        | Gained mutation: You are very agile. (Dex +4) [Jiyva's grace]
  1399 | D        | Lost mutation: Your magical capacity is low (-10% MP). [Jiyva's grace]
  1401 | D        | Lost mutation: You are very agile. (Dex +4) [Jiyva's grace]
  1402 | D        | Lost mutation: Your body is partially covered in golden eyeballs (Acc +3). [Jiyva's grace]
  1402 | D        | Gained mutation: Your mind is acute. (Int +2) [Jiyva's grace]
  1406 | D        | Lost mutation: Your mind is acute. (Int +2) [Jiyva's grace]
  1410 | D        | Gained mutation: You have large cloven feet. [Jiyva's grace]
  1413 | D        | Gained mutation: Armour fits poorly on your pseudopods. [Jiyva's grace]
  1441 | D        | Noticed Urug
  1443 | D        | Noticed Erolcha
  1473 | D        | Killed Urug
  1473 | D        | Reached skill level 16 in Armour
  1473 | D        | Reached XP level 11. HP: 51/60 MP: 11/11
  1482 | D        | Killed Erolcha
  1493 | D        | Gained mutation: Your mind is acute. (Int +2) [Jiyva's grace]
  1494 | D        | Lost mutation: Your large and strong wings let you fly indefinitely. [Jiyva's grace]
  1497 | D        | Lost mutation: Potions and wands are less effective at restoring your health. [Jiyva's grace]
  1498 | D        | Lost mutation: Your mind is acute. (Int +2) [Jiyva's grace]
  1603 | D        | Noticed an orc wizard
  1603 | D        | Noticed an orc sorcerer
  1603 | D        | Noticed an orc warrior
  1603 | D        | Noticed an orc wizard
  1606 | D        | Killed an orc wizard
  1608 | D        | Noticed a sun demon
  1608 | D        | Noticed an orc priest
  1627 | D        | Noticed an orc sorcerer
  1631 | D        | Killed an orc warrior
  1640 | D        | Killed an orc sorcerer
  1649 | D        | Noticed an orc priest
  1650 | D        | Killed an orc wizard
  1654 | D        | Killed an orc sorcerer
  1656 | D        | Killed an orc priest
  1664 | D        | Killed an orc priest
  1667 | D        | Noticed an orc wizard
  1671 | D        | Killed an orc wizard
  1897 | D        | Noticed an orc warrior
  1897 | D        | Noticed an orc warrior
  1897 | D        | Noticed an orc warrior
  1897 | D        | Noticed an orc warrior
  1897 | D        | Noticed an orc knight
  1897 | D        | Noticed an orc warrior
  1899 | D        | Noticed an orc knight
  1915 | D        | Killed an orc knight
  1915 | D        | Killed Sonja
  1917 | D        | Gained mutation: Your natural rate of healing is unusually fast. [Jiyva's grace]
  1932 | D        | Killed an orc knight
  1933 | D        | Noticed an orc knight
  1937 | D        | Killed an orc warrior
  1938 | D        | Noticed an orc warrior
  1946 | D        | Killed an orc warrior
  1952 | D        | Noticed an orc warrior
  1953 | D        | Killed an orc warrior
  1953 | D        | Reached skill level 17 in Shields
  1958 | D        | Killed an orc warrior
  1966 | D        | Noticed an orc warrior
  1978 | D        | Killed an orc knight
  1979 | D        | Killed an orc warrior
  1981 | D        | Killed an orc warrior
  1984 | D        | Killed an orc warrior
  1987 | D        | Killed an orc warrior
  2049 | D        | Found Wusmu's Weapon Boutique.
  2049 | D        | Noticed an orc warrior
  2049 | D        | Noticed an orc warrior
  2049 | D        | Noticed an orc warrior
  2049 | D        | Noticed an orc warrior
  2049 | D        | Noticed an orc knight
  2051 | D        | Noticed an orc knight
  2055 | D        | Killed an orc knight
  2058 | D        | Killed an orc warrior
  2062 | D        | Noticed an orc knight
  2063 | D        | Killed an orc warrior
  2063 | D        | Reached skill level 10 in Dodging
  2067 | D        | Killed an orc warrior
  2074 | D        | Noticed an orc warrior
  2080 | D        | Killed an orc knight
  2103 | D        | Killed an orc knight
  2111 | D        | Killed an orc warrior
  2118 | D        | Killed an orc warrior
  2119 | D        | Found Qunwur's Antique Weapon Shop.
  2228 | D        | Found Baippuit's Magic Scroll Boutique.
  2232 | D        | Found Acoirhig's Jewellery Shop.
  2234 | D        | Noticed an orc knight
  2235 | D        | Noticed an orc knight
  2236 | D        | Noticed an orc knight
  2237 | D        | Bought an iridescent hunting sling for 143 gold pieces
  2237 | D        | Noticed an orc knight
  2241 | D        | Noticed an orc warrior
  2252 | D        | Killed an orc knight
  2268 | D        | Lost mutation: Your natural rate of healing is unusually fast. [Jiyva's grace]
  2270 | D        | Killed an orc knight
  2284 | D        | Lost mutation: You have large cloven feet. [Jiyva's grace]
  2287 | D        | Killed an orc knight
  2298 | D        | Killed an orc knight
  2298 | D        | Reached skill level 1 in Slings
  2300 | D        | Killed an orc warrior
  2300 | D        | Reached XP level 12. HP: 18/64 MP: 12/12
  2309 | D        | Bought a scroll of blinking for 105 gold pieces
  2309 | D        | Bought a scroll of acquirement for 728 gold pieces
  2444 | D        | Identified the +11 hunting sling of Crystal {flame, rPois Int+3 SInv} (You bought it in a shop in the Dungeon)
  2616 | D        | Lost mutation: You have a pair of horns on your head. [Jiyva's grace]
  2616 | D        | Gained mutation: Your flesh is cold resistant. [Jiyva's grace]
  2618 | D        | Lost mutation: You are agile. (Dex +2) [Jiyva's grace]
  2619 | D        | Noticed Psyche
  2619 | D        | Gained mutation: You have a somewhat thin skeletal structure (Dex +2, Stealth). [Jiyva's grace]
  2619 | D        | Gained mutation: You are covered in fur (AC +1). [Jiyva's grace]
  2621 | D        | Gained mutation: You are frail (-10% HP). [Jiyva's grace]
  2621 | D        | Lost mutation: You are frail (-10% HP). [Jiyva's grace]
  2624 | D        | Lost mutation: Armour fits poorly on your pseudopods. [Jiyva's grace]
  2628 | D        | Gained mutation: You are surrounded by a moderate repulsion field (EV +3). [Jiyva's grace]
  2628 | D        | Lost mutation: You have a small jelly attached to you that may absorb incoming projectiles. [Jiyva's grace]
  2632 | D        | Killed Psyche
  2632 | D        | Reached skill level 18 in Shields
  2632 | D        | Gained mutation: Your skin is partially translucent (Stealth, -foe acc). [Jiyva's grace]
  2633 | D        | Lost mutation: Your flesh is cold resistant. [Jiyva's grace]
  2634 | D        | Lost mutation: You have a pair of small horns on your head. [Jiyva's grace]
  2638 | D        | Gained mutation: You passively map a small area around you. [Jiyva's grace]
  2639 | D        | Gained mutation: You have a small jelly attached to you that may absorb incoming projectiles. [Jiyva's grace]
  2642 | D        | Gained mutation: You are somewhat resistant to further mutation. [Jiyva's grace]
  2642 | D        | Lost mutation: You are somewhat resistant to further mutation. [Jiyva's grace]
  2642 | D        | Lost mutation: You passively map a small area around you. [Jiyva's grace]
  2643 | D        | Gained mutation: Your flesh is cold resistant. [Jiyva's grace]
  2644 | D        | Noticed Erica
  2644 | D        | Gained mutation: You evolve. [Jiyva's grace]
  2644 | D        | Lost mutation: You have a small jelly attached to you that may absorb incoming projectiles. [Jiyva's grace]
  2646 | D        | Lost mutation: You have a somewhat thin skeletal structure (Dex +2, Stealth). [Jiyva's grace]
  2647 | D        | Lost mutation: You evolve. [Jiyva's grace]
  2648 | D        | Lost mutation: Your flesh is cold resistant. [Jiyva's grace]
  2648 | D        | Gained mutation: You have sharp fingernails. [Jiyva's grace]
  2648 | D        | Lost mutation: You have a small jelly attached to you that senses nearby items. [Jiyva's grace]
  2648 | D        | Gained mutation: Your spells are a little harder to cast, but a little more powerful. [Jiyva's grace]
  2648 | D        | Gained mutation: Your muscles are strong. (Str +2) [Jiyva's grace]
  2651 | D        | Lost mutation: You are covered in fur (AC +1). [Jiyva's grace]
  2651 | D        | Gained mutation: Your body sometimes deteriorates upon taking damage. [Jiyva's grace]
  2655 | D        | Killed Erica
  2655 | D        | Gained mutation: Your rubbery body absorbs attacks (AC +1). [Jiyva's grace]
  2657 | D        | Lost mutation: Your spells are a little harder to cast, but a little more powerful. [Jiyva's grace]
  2657 | D        | Lost mutation: Your muscles are strong. (Str +2) [Jiyva's grace]
  2659 | D        | Lost mutation: You are surrounded by a moderate repulsion field (EV +3). [Jiyva's grace]
  2659 | D        | Lost mutation: Your body sometimes deteriorates upon taking damage. [Jiyva's grace]
  2659 | D        | Lost mutation: You have sharp fingernails. [Jiyva's grace]
  2660 | D        | Gained mutation: Your pliable body absorbs attacks (AC +1, EV +1). [Jiyva's grace]
  2660 | D        | Gained mutation: Armour fits poorly on your strangely shaped body. [Jiyva's grace]
  2660 | D        | Gained mutation: Your skin is mostly translucent (Stealth, -foe acc). [Jiyva's grace]
  2660 | D        | Gained mutation: You have acidic saliva. [Jiyva's grace]
  2661 | D        | Gained mutation: Your gelatinous body deflects attacks (AC +2, EV +2). [Jiyva's grace]
  2661 | D        | Gained mutation: Your large and strong wings let you fly indefinitely. [Jiyva's grace]
  2661 | D        | Gained mutation: You have a pair of small horns on your head. [Jiyva's grace]
  2668 | D        | Gained mutation: You possess an exceptional clarity of mind. [Jiyva's grace]
  2668 | D        | Gained mutation: Your mind is acute. (Int +2) [Jiyva's grace]
  2669 | D        | Lost mutation: Your skin is mostly translucent (Stealth, -foe acc). [Jiyva's grace]
  2669 | D        | Gained mutation: Armour fits poorly on your pseudopods. [Jiyva's grace]
  2670 | D        | Gained mutation: Your natural rate of healing is unusually fast. [Jiyva's grace]
  2670 | D        | Lost mutation: Armour fits poorly on your strangely shaped body. [Jiyva's grace]
  2670 | D        | Lost mutation: Your mind is acute. (Int +2) [Jiyva's grace]
  2675 | D        | Gained mutation: You are covered in slimy tendrils that may disarm your opponents. [Jiyva's grace]
  2733 | D        | Got the +1 scale mail of Geomom {Str+4}
  2758 | D        | Noticed a gargoyle
  2758 | D        | Noticed an efreet
  2758 | D        | Noticed a kobold demonologist
  2758 | D        | Noticed a shadow
  2758 | D        | Noticed a centaur warrior
  2758 | D        | Noticed a wyvern
  2762 | D        | Killed a wyvern
  2763 | D        | Noticed a jumping spider
  2769 | D        | Killed a centaur warrior
  2770 | D        | Noticed a sky beast
  2773 | D        | Killed a shadow
  2774 | D        | Noticed a yaktaur
  2775 | D        | Lost mutation: Your large and strong wings let you fly indefinitely. [Jiyva's grace]
  2781 | D        | Killed a kobold demonologist
  2782 | D        | Noticed a red ugly thing
  2783 | D        | Killed an efreet
  2784 | D        | Killed a jumping spider
  2786 | D        | Killed a gargoyle
  2787 | D        | Noticed a rakshasa
  2788 | D        | Gained mutation: You have a small jelly attached to you that may absorb incoming projectiles. [Jiyva's grace]
  2790 | D        | Noticed a yaktaur
  2792 | D        | Noticed a rakshasa
  2792 | D        | Killed a sky beast
  2793 | D        | Noticed a stone giant
  2796 | D        | Noticed a stone giant
  2800 | D        | Killed a yaktaur
  2808 | D        | Killed a red ugly thing
  2817 | D        | Gained mutation: Your flesh is heat resistant. [Jiyva's grace]
  2817 | D        | Gained mutation: You have a small jelly attached to you that senses nearby items. [Jiyva's grace]
  2827 | D        | Lost mutation: Your flesh is heat resistant. [Jiyva's grace]
  2835 | D        | Killed a red ugly thing
  2847 | D        | Killed a yaktaur
  2858 | D        | Killed a rakshasa
  2875 | D        | Killed a stone giant
  2900 | D        | Killed a rakshasa
  2909 | D        | Slain by a stone giant

Vault maps used:
D:        linesprint

Action                   |  1- 3 |  4- 6 |  7- 9 | 10-12 || total
-------------------------+-------+-------+-------+-------++-------
Melee: Flail             |    49 |    83 |   148 |   479 ||   759
 Fire: Hunting sling     |       |       |       |    13 ||    13
Throw: Javelin           |       |       |       |     6 ||     6
       Stone             |       |       |       |     2 ||     2
Invok: Slimify           |       |       |     1 |       ||     1
  Use: Potion            |     2 |     1 |       |     1 ||     4
       Scroll            |       |       |     2 |     3 ||     5
